 Dungeon Crawl Stone Soup version 0.18.1-50-g88ac8fd (webtiles) character file.

2176 lorenzova the Thaumaturge (level 9, -4/45 HPs)
             Began as a Deep Elf Conjurer on Oct 26, 2016.
             Slain by grisgris's ghost (14 damage)
             ... on level 6 of the Dungeon.
             The game lasted 00:16:34 (8401 turns).

lorenzova the Thaumaturge (Deep Elf Conjurer)       Turns: 8401, Time: 00:16:34

Health: -4/45      AC:  5    Str:  5    XL:     9   Next: 11%
Magic:  0/26       EV: 13    Int: 24    God:
Gold:   482        SH:  0    Dex: 15    Spells: 2 memorised, 25 levels left

rFire  . . .     SeeInvis .     y - +2 dagger (venom)
rCold  . . .     Gourm    .     a - +0 robe
rNeg   . . .     Faith    .     (no shield)
rPois  .         Spirit   .     (no helmet)
rElec  .         Dismiss  .     h - +0 cloak
rCorr  +         Reflect  .     r - +0 pair of gloves
SustAt .         Harm     .     d - +0 pair of boots
MR     .....                    (no amulet)
Stlth  ++........               (no ring)
                                k - ring of resist corrosion

@: not resistant to hostile enchantments, unstealthy
A: no striking features
a: no special abilities


You were on level 6 of the Dungeon.
You were hungry.

You visited 1 branch of the dungeon, and saw 6 of its levels.

You collected 482 gold pieces.

Inventory:

Hand Weapons
 y - a +2 dagger of venom (weapon)
Armour
 a - a +0 robe (worn)
 d - a +0 pair of boots (worn)
 h - a +0 cloak (worn)
 r - a +0 pair of gloves (worn)
Jewellery
 k - a ring of resist corrosion (left hand)
Wands
 x - a wand of enslavement (16/24)
Scrolls
 e - a scroll of blinking {unknown}
 f - 8 scrolls of identify {unknown}
 g - 4 scrolls of remove curse {unknown}
 j - a scroll of enchant weapon {unknown}
 l - a scroll of magic mapping {unknown}
 m - a scroll of immolation {unknown}
 o - a scroll of random uselessness {unknown}
 p - 2 scrolls of noise {unknown}
Potions
 n - a potion of brilliance {unknown}
 q - a potion of cancellation {unknown}
 t - a potion of heal wounds {unknown}
 u - 2 potions of ambrosia {unknown}
 v - a potion of curing
 w - a potion of degeneration {unknown}
 z - 2 potions of might {unknown}
 A - a potion of flight {unknown}
Books
 b - a book of Conjurations

   Spells                             Type                      Level
   a - Magic Dart                     Conjuration                  1
   b - Searing Ray                    Conjuration                  2
   c - Dazzling Spray                 Conjuration/Hexes            3
   d - Fulminant Prism                Conjuration/Hexes            4
   e - Iskenderun's Mystic Blast      Conjuration                  4
   f - Iskenderun's Battlesphere      Conjuration/Charms           5
Comestibles
 c - 3 bread rations
 i - 4 meat rations


   Skills:
 - Level 2.4 Dodging
 - Level 2.4 Stealth
 + Level 11.2 Spellcasting
 + Level 10.3 Conjurations


You had 25 spell levels left.
You knew the following spells:

 Your Spells              Type           Power        Failure   Level  Hunger
a - Magic Dart            Conj           ####         1%          1    None
b - Iskenderun's Mystic   Conj           ######..     1%          4    None


Dungeon Overview and Level Annotations

Branches:
Dungeon (6/15)
 Temple: D:4-7

Altars:
Makhleb
Qazlal
Xom
Yredelemnul
Zin

Shops:
D:6 }

Annotations:
D:6 grisgris's ghost, novice TrMo


Message History

Grisgris's ghost is almost destroyed.
Grisgris's ghost hits you!!
* * * LOW HITPOINT WARNING * * *
Casting: Magic Dart
Confirm with . or Enter, or press ? or * to list all spells.
Aiming: Magic Dart
Press: ? - help, Shift-Dir - straight line, f/p - grisgris's ghost
Aim: grisgris's ghost (almost destroyed)
The magic dart hits grisgris's ghost.
Grisgris's ghost is almost destroyed.
Grisgris's ghost barely misses you.
Casting: Magic Dart
Confirm with . or Enter, or press ? or * to list all spells.
Aiming: Magic Dart
Press: ? - help, Shift-Dir - straight line, f/p - grisgris's ghost
Aim: grisgris's ghost (almost destroyed)
The magic dart hits grisgris's ghost.
Grisgris's ghost is almost destroyed.
Grisgris's ghost hits you!
You die...

######......
##......#....
#..######....
#########...# #....
............#####....
######.....##.......
######.#....((......
#.#..........#........
#....@.........#..#.#.
###.W.........#..#..#.
.............#.#.##.#(.
#.............#...
....#
..............##.......
....####........ ...##
.... #.##..... #......
... .(# ##... ...##.
......#


You could see grisgris's ghost.

Vanquished Creatures
  A water moccasin (D:6)
  3 necrophages (D:5)
  An ogre (D:5)
  2 ice beasts (D:6)
  A phantom (D:6)
  2 big kobolds (D:4)
  4 giant frogs (D:6)
  The ghost of ololoev the Sneak, an amateur SpEn (D:5)
  3 scorpions
  A howler monkey (D:6)
  4 crimson imps
  A gnoll shaman (D:6)
  2 orc priests
  4 orc wizards
  An iguana (D:6)
  A worker ant (D:6)
  2 worker ant zombies
  8 adders
  15 gnolls
  2 worms (D:2)
  2 dart slugs (D:1)
  3 giant geckos
  19 orcs
  9 bats
  6 giant cockroaches
  25 hobgoblins
  4 jackals (D:4)
  10 kobolds
  3 quokkas
  2 ball pythons
  A ball python skeleton (D:5)
  A giant cockroach zombie (D:5)
  A giant gecko skeleton (D:4)
  6 giant newts
  44 goblins
  6 rats
  A spectral orc (D:5)
202 creatures vanquished.

Vanquished Creatures (others)
  An adder (D:2)
  A kobold (D:2)
2 creatures vanquished.

Grand Total: 204 creatures vanquished

Notes
Turn   | Place    | Note
--------------------------------------------------------------
     0 | D:1      | lorenzova the Deep Elf Conjurer began the quest for the Orb.
     0 | D:1      | Reached XP level 1. HP: 10/10 MP: 6/6
   256 | D:1      | Reached XP level 2. HP: 15/15 MP: 6/8
   579 | D:1      | Reached skill level 4 in Spellcasting
   667 | D:1      | Reached skill level 5 in Conjurations
   683 | D:1      | Reached XP level 3. HP: 19/19 MP: 6/10
  1748 | D:2      | Found a burning altar of Makhleb.
  1751 | D:2      | Reached XP level 4. HP: 24/24 MP: 8/12
  1761 | D:2      | Learned a level 4 spell: Iskenderun's Mystic Blast
  1812 | D:2      | Reached skill level 5 in Spellcasting
  1815 | D:2      | Found a faded altar to an unknown god.
  2021 | D:2      | Reached XP level 5. HP: 15/28 MP: 4/14
  2232 | D:2      | Found a stormy altar of Qazlal.
  3260 | D:4      | Reached skill level 6 in Spellcasting
  3732 | D:4      | Found a glowing silver altar of Zin.
  4238 | D:4      | Reached XP level 6. HP: 29/32 MP: 11/17
  4970 | D:4      | Reached skill level 7 in Spellcasting
  5414 | D:4      | Reached XP level 7. HP: 32/36 MP: 8/19
  5766 | D:5      | Entered Level 5 of the Dungeon
  5786 | D:5      | Reached skill level 8 in Spellcasting
  6160 | D:5      | Found a basalt altar of Yredelemnul.
  6262 | D:5      | Reached skill level 9 in Spellcasting
  6415 | D:5      | Reached XP level 8. HP: 41/41 MP: 19/23
  6598 | D:5      | Found a shimmering altar of Xom.
  6814 | D:5      | Noticed ololoev's ghost (amateur SpEn)
  6837 | D:5      | Killed ololoev's ghost
  7234 | D:6      | Reached skill level 10 in Spellcasting
  7300 | D:6      | Noticed grisgris's ghost (novice TrMo)
  7457 | D:6      | Found Puekoxiv's Gadget Boutique.
  7734 | D:6      | Reached skill level 10 in Conjurations
  8081 | D:6      | Reached skill level 11 in Spellcasting
  8081 | D:6      | Reached XP level 9. HP: 45/45 MP: 14/26
  8401 | D:6      | Slain by grisgris's ghost

Skill      XL: |  1  2  3  4  5  6  7  8 |
---------------+-------------------------+-----
Spellcasting   | 4 5 6 7 9 11 | 11.2
Conjurations   | 5 6 7 8 10 | 10.3
Dodging        | |  2.4
Stealth        | |  2.4

Action                   |  1- 3 |  4- 6 |  7- 9 || total
-------------------------+-------+-------+-------++-------
Melee: Unarmed           |     6 |       |       ||     6
       Dagger            |       |       |    22 ||    22
 Cast: Magic Dart        |    87 |   226 |   197 ||   510
       Iskenderun's Myst |       |     7 |    40 ||    47
  Use: Potion            |     1 |       |     1 ||     2
  Eat: Chunk             |     1 |    11 |     5 ||    17
       Pizza             |       |     1 |       ||     1
       Fruit             |       |       |     4 ||     4
       Beef jerky        |       |       |     1 ||     1
Armor: Robe              |     6 |    20 |    20 ||    46
Dodge: Dodged            |     9 |    51 |    43 ||   103
